 Dungeon Crawl Stone Soup version 0.27-a0-1565-gad902ab807 (webtiles) character file.

Game seed: 17127081614782725195

70 BorisBritva the Ruffian (level 4, -1/44 HPs)
             Began as a Troll Chaos Knight on July 16, 2021.
             Was a Plaything of Xom.
             Slain by an orc (4 damage)
             ... on level 2 of the Dungeon.
             The game lasted 00:01:37 (715 turns).

BorisBritva the Ruffian (Troll Chaos Knight)         Turns: 715, Time: 00:01:38

Health: -1/44      AC:  6    Str: 20    XL:     4   Next: 4%
Magic:  3/3        EV: 10    Int:  8    God:    Xom [..*...]
Gold:   16         SH:  0    Dex: 10    Spells: 3/3 levels left

rFire    . . .     SeeInvis .     - Unarmed
rCold    + . .     Faith    .   (no shield)
rNeg     . . .     Spirit   .   a - +2 robe
rPois    .         Reflect  .   (helmet restricted)
rElec    .         Harm     .   (no cloak)
rCorr    .         Rampage  .   (gloves unavailable)
Will     .....                  (boots unavailable)
Stlth    +.........             (no amulet)
HPRegen  1.14/turn              b - ring of protection from cold
MPRegen  0.08/turn              (no ring)

@: no status effects
A: large, unfitting armour, claws 3, regeneration 1, shaggy fur 1, tough skin 1
a: Renounce Religion


You were on level 2 of the Dungeon.
You worshipped Xom.
You were a toy of Xom.
You visited 1 branch of the dungeon, and saw 2 of its levels.

You collected 16 gold pieces.

Inventory:

Armour
 a - a +2 robe (worn)
Jewellery
 b - a ring of protection from cold (left claw)
Scrolls
 c - a scroll of magic mapping {unknown}
 d - a scroll of identify {unknown}
Potions
 e - a potion of flight {unknown}
 f - a potion of invisibility {unknown}


   Skills:
 + Level 2.9 Fighting
 + Level 2.4 Dodging
 + Level 4.1 Unarmed Combat


You had 3 spell levels left.
You didn't know any spells.
Your spell library was empty.

Dungeon Overview and Level Annotations

Branches:
Dungeon (2/15)

Altars:


Innate Abilities, Weirdness & Mutations

You are too large for most types of armour.
You have claws for hands.
Your natural rate of healing is unusually fast.
You are covered in fur. (AC +1)
You have tough skin. (AC +1)


Message History

You claw the orc priest!
The orc priest is almost dead.
The orc priest hits you with a +0 dagger.
You completely miss the orc priest.
The orc priest is almost dead.
The orc priest hits you with a +0 dagger.
You claw the orc priest!
You kill the orc priest!
Your Unarmed Combat skill increases to level 4!
You have reached level 4!
You closely miss the orc priest.
The orc priest begins to cast a cantrip, but forgets the words!
You scratch the orc priest but do no damage.
The orc hits you from afar with a +0 trident.
The orc priest invokes the aid of Beogh against you.
Beogh smites you!
You scratch the orc priest. You claw the orc priest.
The orc priest is moderately wounded.
The orc closely misses you.
The orc priest hits you with a +0 flail.
You are too injured to fight recklessly!
You scratch the orc priest.
The orc priest is heavily wounded.
The orc hits you from afar with a +0 trident.
The orc priest misses you.
You closely miss the orc priest.
The orc priest is heavily wounded.
The orc misses you.
The orc priest calls down the wrath of Beogh upon you.
Pain shoots through your body!
* * * LOW HITPOINT WARNING * * *
You barely miss the orc priest.
The orc priest is heavily wounded.
The orc closely misses you.
The orc priest hits you with a +0 flail!
* * * LOW HITPOINT WARNING * * *
You barely miss the orc priest.
The orc priest is heavily wounded.
The orc hits you from afar with a +0 trident.
You die...

#...............#
##.<##.###..#####
##.##.# #..#######
#.##.###.........
.....##.).#######
######.....##
#.......## #..
#.........####...#.
+.........'@oo.....
#.........####...#.
##.......## ...
##.....## . ##...##
##+#


You could see an orc priest and an orc.

Vanquished Creatures
  An orc priest (D:2)
  2 orcs (D:2)
  3 bats (D:1)
  2 endoplasms
  2 goblins (D:1)
  10 jackals (D:1)
  3 quokkas (D:1)
  4 ball pythons (D:1)
  A frilled lizard (D:1)
  4 kobolds
  5 rats (D:1)
37 creatures vanquished.

Notes
Turn   | Place    | Note
-------+----------+-------------------------------------------
     0 | D:1      | BorisBritva the Troll Chaos Knight began the quest for the
                  | Orb.
     0 | D:1      | Reached XP level 1. HP: 22/22 MP: 0/0
    34 | D:1      | XOM: divination: magic mapping
    62 | D:1      | Found a faded altar of an unknown god.
   161 | D:1      | Reached XP level 2. HP: 24/29 MP: 1/1
   315 | D:1      | Reached XP level 3. HP: 33/36 MP: 2/2
   686 | D:2      | XOM: silly message
   709 | D:2      | Reached skill level 4 in Unarmed Combat
   709 | D:2      | Reached XP level 4. HP: 41/44 MP: 3/3
   714 | D:2      | HP: 2/44 [orc priest (8)]
   715 | D:2      | Slain by an orc

Illustrated notes

Levels and vault maps discovered:
D:1:      zaba_arrival_water, layout_basic, ebering_ecumenical_altar_petrified,
          minmay_misc_feat_enclosed, minmay_tetromino_l2
D:2:      layout_loops_corners, uniq_sigmund

Skill      XL: |  1  2  3 |
---------------+----------+-----
Dodging        | 2 |  2.4
Unarmed Combat | 4 |  4.1
Fighting       | |  2.9

Action                   |  1- 3 |  4- 6 || total
-------------------------+-------+-------++-------
Melee: Unarmed           |   100 |     7 ||   107
       Punch             |     1 |     1 ||     2
Armor: Robe              |    56 |       ||    56
Dodge: Dodged            |    70 |     4 ||    74

Table legend: (Time is in decaauts)
 A = Elapsed time spent in this place.
 B = Non-inter-level travel time spent in this place.
 C = Inter-level travel time spent in this place.
 D = Time resting spent in this place.
 E = Time spent auto-exploring this place.
 F = Levels seen in this place.
 G = Mean time per level.
                   A        B        C        D        E       F      G
               +--------+--------+--------+--------+--------+-----+--------+
         Total |    714 |    693 |     21 |      0 |    521 |   2 |  357.0 |
       Dungeon |    714 |    693 |     21 |      0 |    521 |   2 |  357.0 |
               +--------+--------+--------+--------+--------+-----+--------+

Top non-repeatable levels by time:
     D:1: 671 daAuts
     D:2: 42 daAuts
